 Dungeon Crawl Stone Soup version 0.29-a0-96-g93358da72b (webtiles) character file.

Game seed: 11485508657214499343

133 Sweetruy1997 the Skirmisher (level 4, -4/29 HPs)
             Began as a Demonspawn Chaos Knight on Feb 12, 2022.
             Was a Plaything of Xom.
             Slain by an orc (11 damage)
             ... on level 3 of the Dungeon on Feb 13, 2022.
             The game lasted 00:05:10 (2872 turns).

Sweetruy1997 the Skirmisher (DsCK)                  Turns: 2872, Time: 00:05:11

Health: -4/29      AC:  5    Str: 12    XL:     4   Next: 93%
Magic:  4/4        EV: 16    Int: 13    God:    Xom [..*...]
Gold:   144        SH:  0    Dex: 17    Spells: 3/3 levels left

rFire   . . .      SeeInvis .   a - +0 falchion (chaos)
rCold   . . .      Faith    .   (no shield)
rNeg    . . .      Spirit   .   b - +2 leather armour
rPois   .          Reflect  .   (helmet restricted)
rElec   .          Harm     .   (no cloak)
rCorr   .          Rampage  .   (no gloves)
Will    .....                   (no boots)
Stlth   ++........              (no amulet)
HPRegen 0.09/turn               j - +4 ring of evasion
MPRegen 0.09/turn               (no ring)

@: no status effects
A: horns 1, thin skeletal structure 1, ignite blood 1, frail 2, MP-powered wands
a: Renounce Religion


You were on level 3 of the Dungeon.
You worshipped Xom.
You were a toy of Xom.
You visited 1 branch of the dungeon, and saw 3 of its levels.

You collected 144 gold pieces.

Inventory:

Hand Weapons
 a - a +0 falchion of chaos (weapon)
Armour
 b - a +2 leather armour (worn)
Jewellery
 j - a +4 ring of evasion (left hand)
Wands
 c - a wand of flame (18)
Scrolls
 d - a scroll of brand weapon
 g - a scroll of teleportation
 h - a scroll of magic mapping {unknown}
 i - 2 scrolls of fog {unknown}
 k - a scroll of immolation {unknown}
 l - a scroll of holy word {unknown}
Potions
 e - a potion of brilliance


   Skills:
 + Level 3.8 Fighting
 + Level 3.7 Long Blades
 + Level 2.4 Armour
 + Level 1.9 Dodging
 + Level 0.3 Stealth


You had 3 spell levels left.
You didn't know any spells.
Your spell library was empty.

Dungeon Overview and Level Annotations

Branches:
Dungeon (3/15)

Altars:
Dithmenos


Innate Abilities, Weirdness & Mutations

You have a pair of small horns on your head.
You have a somewhat thin skeletal structure. (Dex +2, Stealth+)
Your demonic aura sometimes causes spilled blood to erupt in flames.
You are very frail. (-20% HP)
You expend magic power (3 MP) to strengthen your wands.


Message History

You climb downwards.
There is a stone staircase leading up here.
You feel a bit more experienced.
You open the door.
There is an open door here.
Found a shadowy altar of Dithmenos. "Let's try an experiment, hmmm?"
Your leather armour briefly grows fur, then returns to normal.
A giant cockroach comes into view.
The giant cockroach closely misses you.
You slash the giant cockroach! You burn the giant cockroach.
You kill the giant cockroach!
No target in view!
An orc comes into view. It is wielding a +0 dagger.
You see here a giant cockroach corpse.
An orc comes into view.
It is wielding a +1 whip of electrocution.
An orc comes into view. It is wielding a +0 club.
An orc wizard and an orc come into view.
The orc shouts!
The orc wizard shouts!
The orc shouts!
You hit the orc. Your headbutt misses the orc.
The orc is lightly wounded.
The orc completely misses you.
You hit the orc.
Space warps around the orc.
You kill the orc!
The orc hits you with a +1 whip of electrocution.
You hit the orc.
The orc is poisoned.
The orc is severely wounded.
The orc hits you with a +0 club. The orc closely misses you.
You hit the orc.
You kill the orc!
The orc closely misses you.
You barely miss the orc. The orc hits you with a +0 short sword.
The orc wizard gestures wildly while chanting.
The orc wizard flickers and vanishes!
Deactivating autopickup; reactivate with Ctrl-A.
The orc hits you with a +1 whip of electrocution!
* * * LOW HITPOINT WARNING * * *
You are electrocuted!
You die...

<..# #.......#.#.# ...
...# #..##.#.#...# ....
...####..##.#.#..##♣...
'####....##...#..#♣..♣
.####.#..######†.#..♣
.##................♣
.##.#._.#..####....#
..........## #....#
########### #.@o.#
##o..# #{..# ##..# ...
.... ##... ####


You could see 2 orcs.

Vanquished Creatures
  Robin (D:2)
  2 gnolls (D:3)
  4 adders
  2 worms (D:2)
  2 orcs (D:3)
  7 endoplasms (D:2)
  3 giant cockroaches
  7 goblins
  3 hobgoblins
  2 quokkas (D:1)
  3 ball pythons
  2 bats
  3 frilled lizards
  7 kobolds
  5 rats
53 creatures vanquished.

Vanquished Creatures (others)
  A gnoll (shapeshifter) (D:3)
  A goblin (D:2)
2 creatures vanquished.

Grand Total: 55 creatures vanquished

Notes
Turn   | Place    | Note
-------+----------+-------------------------------------------
     0 | D:1      | Sweetruy1997 the Demonspawn Chaos Knight began the quest
                  | for the Orb.
     0 | D:1      | Reached XP level 1. HP: 18/18 MP: 1/1
   312 | D:1      | XOM: divination: detect items
   586 | D:1      | Gained mutation: Your demonic aura sometimes causes spilled
                  | blood to erupt in flames. [demonic ancestry]
   586 | D:1      | Reached XP level 2. HP: 24/24 MP: 2/2
   593 | D:1      | Found a faded altar of an unknown god.
   901 | D:1      | XOM: silly message
   917 | D:2      | Reached skill level 1 in Dodging
  1151 | D:2      | Gained mutation: You have a pair of small horns on your
                  | head. [demonic ancestry]
  1151 | D:2      | Reached XP level 3. HP: 29/29 MP: 3/3
  1187 | D:2      | XOM: silly message
  1343 | D:2      | XOM: silly message
  1402 | D:2      | XOM: silly message
  1620 | D:2      | Gained mutation: You have a somewhat thin skeletal
                  | structure. (Dex +2, Stealth+) [demonic ancestry]
  1620 | D:2      | Reached XP level 4. HP: 37/37 MP: 4/4
  1651 | D:2      | Noticed Robin
  1669 | D:2      | Killed Robin
  2133 | D:3      | XOM: blink monster(s)
  2137 | D:3      | XOM: give mutations
  2137 | D:3      | Gained mutation: You are dopey. (Int -2) [Xom's mischief]
  2137 | D:3      | Gained mutation: You expend magic power (3 MP) to
                  | strengthen your wands. [Xom's mischief]
  2137 | D:3      | Lost mutation: You are dopey. (Int -2) [Xom's mischief]
  2166 | D:2      | XOM: summons 2 hostile demons
  2167 | D:2      | Noticed a chaos spawn
  2171 | D:2      | XOM: give mutations
  2171 | D:2      | Gained mutation: You are frail. (-10% HP) [Xom's mischief]
  2171 | D:2      | Gained mutation: You are very frail. (-20% HP) [Xom's
                  | mischief]
  2522 | D:3      | Noticed a glowing shapeshifter
  2522 | D:3      | a gnoll changed into a glowing shapeshifter
  2522 | D:3      | XOM: polymorph gnoll -> glowing shapeshifter
  2522 | D:3      | Noticed a moth of wrath
  2522 | D:3      | a glowing shapeshifter changed into a moth of wrath
  2525 | D:3      | Noticed a fire crab
  2525 | D:3      | a moth of wrath changed into a fire crab
  2525 | D:3      | Noticed a queen bee
  2525 | D:3      | a fire crab changed into a queen bee
  2526 | D:3      | XOM: enchant monster (good)
  2544 | D:3      | Noticed a troll
  2544 | D:3      | a queen bee changed into a troll
  2545 | D:3      | Noticed a cane toad
  2545 | D:3      | a troll changed into a cane toad
  2546 | D:3      | Noticed a golden eye
  2546 | D:3      | a cane toad changed into a golden eye
  2548 | D:3      | Noticed a water moccasin
  2548 | D:3      | a golden eye changed into a water moccasin
  2549 | D:3      | Noticed a centaur
  2549 | D:3      | a water moccasin changed into a centaur
  2550 | D:3      | a queen bee changed into something unseen
  2552 | D:3      | a centaur changed into a howler monkey
  2555 | D:3      | Noticed a centaur
  2555 | D:3      | a howler monkey changed into a centaur
  2556 | D:3      | Noticed a basilisk
  2556 | D:3      | Noticed a fire bat
  2556 | D:3      | a centaur changed into a fire bat
  2837 | D:3      | Found a shadowy altar of Dithmenos.
  2856 | D:3      | XOM: silly message
  2872 | D:3      | Slain by an orc

Illustrated notes

Levels and vault maps discovered:
D:1:      dpeg_arrival_rooms_with_view, layout_basic, serial_rivers,
          chequers_serial_rivers_room_a, chequers_serial_rivers_micro_a,
          chequers_serial_rivers_micro_b, chequers_serial_rivers_micro_a,
          chequers_ecumenical_altar_twisty
D:2:      cheibrodos_helix_gallery, layout_loops_cross, uniq_robin
D:3:      layout_basic, mainiacjoe_overflow_tiny_flanked, kennysheep_ying_yang,
          gammafunk_ghost_necromancy

Skill      XL: |  1  2 |
---------------+-------+-----
Armour         | 2 |  2.4
Dodging        | 1 |  1.9
Long Blades    | 3 |  3.7
Fighting       | |  3.8
Stealth        | |  0.3

Action                   |  1- 3 |  4- 6 || total
-------------------------+-------+-------++-------
Melee: Falchion          |    90 |    68 ||   158
       Punch             |     1 |     1 ||     2
       Headbutt          |     8 |     5 ||    13
Evoke: Wand              |       |     6 ||     6
  Use: Scroll            |     3 |     1 ||     4
       Potion            |       |     1 ||     1
 Stab: Sleeping          |     1 |     3 ||     4
       Petrified         |       |    10 ||    10
Armor: Leather armour    |    30 |    24 ||    54
Dodge: Dodged            |    57 |    82 ||   139

Table legend: (Time is in decaauts)
 A = Elapsed time spent in this place.
 B = Non-inter-level travel time spent in this place.
 C = Inter-level travel time spent in this place.
 D = Time resting spent in this place.
 E = Time spent auto-exploring this place.
 F = Levels seen in this place.
 G = Mean time per level.
                   A        B        C        D        E       F      G
               +--------+--------+--------+--------+--------+-----+--------+
         Total |   2898 |   2757 |    141 |    702 |   1644 |   3 |  966.0 |
       Dungeon |   2898 |   2757 |    141 |    702 |   1644 |   3 |  966.0 |
               +--------+--------+--------+--------+--------+-----+--------+

Top non-repeatable levels by time:
     D:2: 1555 daAuts
     D:1: 1128 daAuts
     D:3: 214 daAuts
